 Dungeon Crawl Stone Soup version 0.20.1-1-g8b1a95d (console) character file.

735 bli the Covered (level 7, -9/57 HPs)
             Began as a Barachi Fighter on Aug 6, 2017.
             Was a Follower of the Shining One.
             Mangled by a wyvern zombie (10 damage)
             ... on level 5 of the Dungeon.
             The game lasted 00:17:31 (4044 turns).

bli the Covered (Barachi Fighter)                   Turns: 4044, Time: 00:17:32

Health: -9/57      AC:  9    Str: 19    XL:     7   Next: 74%
Magic:  7/7        EV:  8    Int:  8    God:    the Shining One [*.....]
Gold:   135        SH: 10    Dex: 12    Spells: 6/6 levels left

rFire    . . .     SeeInvis .   a - +0 long sword
rCold    + . .     Gourm    .   c - +0 shield
rNeg     . . .     Faith    .   D - +2 scale mail {rC+}
rPois    .         Spirit   .   (no helmet)
rElec    .         Reflect  .   (no cloak)
rCorr    .         Harm     .   (no gloves)
MR       .....                  (no boots)
Stlth    ..........             (no amulet)
Regen    0.2/turn               (no ring)
MPRegen  0.1/turn               (no ring)

@: glowing, slow
A: +LOS, swims, slowness 1, strong legs 1
a: Hop, Renounce Religion


You were on level 5 of the Dungeon.
You worshipped the Shining One.
The Shining One was aware of your devotion.
You were not hungry.

You visited 1 branch of the dungeon, and saw 5 of its levels.

You collected 234 gold pieces.
You spent 99 gold pieces at shops.

Inventory:

Hand Weapons
 a - a +0 long sword (weapon)
 y - a +0 war axe of holy wrath
Missiles
 e - 142 stones (quivered)
 h - 6 silver tomahawks
Armour
 c - a +0 shield (worn)
 s - a +0 pair of boots
 u - a +0 scale mail
 v - a cursed +0 chain mail
 D - a +2 scale mail of cold resistance (worn)
Magical Staves
 b - an uncursed staff of poison
Scrolls
 i - 3 scrolls of identify {unknown}
 k - a scroll of enchant weapon {unknown}
 n - a scroll of fear {unknown}
 o - a scroll of enchant armour {unknown}
 p - 2 scrolls of teleportation {unknown}
 t - 2 scrolls of immolation {unknown}
 w - a scroll of recharging {unknown}
Potions
 d - a potion of might
 j - a potion of resistance {unknown}
 m - a potion of flight {unknown}
 q - a potion of curing
 r - 3 potions of degeneration
 x - 2 potions of agility {unknown}
 z - 2 potions of mutation {unknown}
 A - a potion of lignification {unknown}
 C - a potion of heal wounds
Comestibles
 f - 5 bread rations
 g - 4 royal jellies
 l - 3 meat rations
 B - 2 chunks of flesh


   Skills:
 * Level 5.8 Fighting
 + Level 5.9 Long Blades
 + Level 6.1 Armour
 + Level 1.2 Dodging
 * Level 5.2 Shields


You had 6 spell levels left.
You didn't know any spells.

Dungeon Overview and Level Annotations

Branches:
Dungeon (5/15)
 Temple: D:4-7

Altars:
Cheibriados
Fedhas
Kikubaaqudgha
Nemelex Xobeh
Okawaru
Trog
Xom
The Shining One

Shops:
D:4 !


Innate Abilities, Weirdness & Mutations

Shadows flee at your approach. (+LOS)
You can swim through water.
You cover ground slowly.
You can hop short distances.


Message History

The wyvern zombie bites you.
* * * LOW HITPOINT WARNING * * *
The wyvern zombie bites you!
* * * LOW HITPOINT WARNING * * *
You hit the wyvern zombie but do no damage.
The wyvern zombie is heavily damaged.
The wyvern zombie barely misses you.
You riposte.
You hit the wyvern zombie but do no damage.
The wyvern zombie is heavily damaged.
You hit the wyvern zombie but do no damage.
The wyvern zombie is heavily damaged.
The wyvern zombie barely misses you. The wyvern zombie bites you!
* * * LOW HITPOINT WARNING * * *
You hit the wyvern zombie but do no damage.
The wyvern zombie is heavily damaged.
You block the wyvern zombie's attack.
You slash the wyvern zombie!
The wyvern zombie is severely damaged.
The wyvern zombie barely misses you. The wyvern zombie bites you!
You die...

#.# ########### #.#
..####'### ####....
.........# ........
.........# ........
.........####### ........
...............# ........
...............####........
.......................?...
###..............Z.........
#.............@.....?....
#............####?...[...
#............# ........
#............# ..[.....
#......).....# ######..
############## .


You could see a wyvern zombie.

Vanquished Creatures
  2 ogres
  A phantom (D:3)
  A centaur (D:5)
  A bullfrog zombie (D:3)
  An orc priest (D:5)
  A bullfrog skeleton (D:4)
  Terence (D:3)
  2 worker ants (D:5)
  2 orc wizards (D:5)
  Robin (D:3)
  A gnoll (D:3)
  3 adders
  An ooze (D:1)
  An adder skeleton (D:4)
  2 worms
  5 dart slugs
  5 leopard geckos
  4 orcs
  2 ball pythons
  3 giant cockroaches
  20 goblins
  8 hobgoblins
  7 jackals
  11 kobolds
  2 quokkas
  10 bats
  6 frilled lizards
  A leopard gecko skeleton (D:4)
  5 rats
110 creatures vanquished.

Notes
Turn   | Place    | Note
-------+----------+-------------------------------------------
     0 | D:1      | bli the Barachi Fighter began the quest for the Orb.
     0 | D:1      | Reached XP level 1. HP: 18/18 MP: 1/1
   227 | D:1      | Reached skill level 4 in Armour
   227 | D:1      | Reached XP level 2. HP: 22/25 MP: 2/2
   407 | D:1      | Reached XP level 3. HP: 28/30 MP: 3/3
  1422 | D:2      | Reached XP level 4. HP: 37/37 MP: 4/4
  1715 | D:3      | Noticed a phantom
  1753 | D:3      | Killed a phantom
  1753 | D:3      | Reached skill level 5 in Armour
  1753 | D:3      | Reached XP level 5. HP: 5/43 MP: 5/5
  2076 | D:3      | Found a sparkling altar of Nemelex Xobeh.
  2076 | D:3      | Found a shimmering altar of Xom.
  2076 | D:3      | Noticed Terence
  2091 | D:3      | Killed Terence
  2101 | D:3      | Found an ancient bone altar of Kikubaaqudgha.
  2101 | D:3      | Found an iron altar of Okawaru.
  2108 | D:3      | Found a blossoming altar of Fedhas.
  2108 | D:3      | Found a glowing golden altar of the Shining One.
  2118 | D:3      | Became a worshipper of the Shining One
  2139 | D:3      | Reached XP level 6. HP: 34/50 MP: 6/6
  2295 | D:3      | Noticed Robin
  2377 | D:3      | Killed Robin
  2529 | D:3      | Found a snail-covered altar of Cheibriados.
  2638 | D:3      | Reached skill level 5 in Fighting
  3335 | D:4      | Reached XP level 7. HP: 48/56 MP: 7/7
  3571 | D:4      | Found Torith's Distillery.
  3575 | D:4      | Bought a potion of heal wounds for 55 gold pieces
  3575 | D:4      | Bought a potion of degeneration for 11 gold pieces
  3575 | D:4      | Bought a potion of curing for 33 gold pieces
  3759 | D:5      | Entered Level 5 of the Dungeon
  3783 | D:5      | Reached * piety under the Shining One
  3789 | D:5      | Reached skill level 5 in Long Blades
  3801 | D:5      | Reached skill level 6 in Armour
  3815 | D:5      | Reached skill level 5 in Shields
  3898 | D:5      | Found a bloodstained altar of Trog.
  4013 | D:5      | Reached skill level 1 in Dodging
  4042 | D:5      | HP: 1/57 [wyvern zombie (7)]
  4044 | D:5      | Mangled by a wyvern zombie

Skill      XL: |  1  2  3  4  5  6  7 |
---------------+----------------------+-----
Armour         | 4 5 6 |  6.1
Fighting       | 4 5 |  5.8
Long Blades    | 3 4 5 |  5.9
Shields        | 4 5 |  5.2
Dodging        | 1 |  1.2

Action                   |  1- 3 |  4- 6 |  7- 9 || total
-------------------------+-------+-------+-------++-------
Melee: Long sword        |   136 |   218 |    63 ||   417
  Use: Potion            |       |       |     1 ||     1
  Eat: Chunk             |     3 |     7 |     2 ||    12
Armor: Scale mail        |    60 |    92 |    25 ||   177
Dodge: Dodged            |    34 |    70 |    25 ||   129
Block: Shield            |    77 |   125 |    39 ||   241
       Rpst.: Long sword |     9 |    22 |     8 ||    39
